 Dungeon Crawl Stone Soup version 0.16-a0-465-g631e55c (webtiles) character file.

130 PolkaDot the Cutter (level 4, 0/33 HPs)
             Began as a Vampire Death Knight on Sept 16, 2014.
             Was a Believer of Yredelemnul.
             Slain by an orc wizard
             ... wielding a +2 antimagic dagger
              (1 damage)
             ... on Level 4 of the Dungeon.
             The game lasted 00:06:06 (2556 turns).

PolkaDot the Cutter (Vampire Death Knight)          Turns: 2556, Time: 00:06:06

HP   0/33        AC  3     Str 12      XL: 4   Next: 89%
MP   5/5         EV 16     Int 13      God: Yredelemnul [**....]
Gold 153         SH  0     Dex 19      Spells:  0 memorised,  3 levels left

rFire  . . .     SeeInvis +     a - +1 short sword
rCold  . . .     Rnd*Rage +     b - +0 leather armour
rNeg   . . .     rCorr    .     (no shield)
rPois  .         rRot     .     (no helmet)
rElec  .         Spirit   .     (no cloak)
SustAb .         Warding  .     (no gloves)
rMut   .         Stasis   .     (no boots)
Gourm  .                        (no amulet)
MR     +....                    (no ring)
                                (no ring)

@: agile, regenerating quickly, hasted, very quick, somewhat resistant to
hostile enchantments, unstealthy
A: fangs 3, see invisible, berserk 1, deterioration 1, magic resistance 1,
unbreathing
a: Animate Remains, Recall Undead Slaves, Injury Mirror, Renounce Religion


You were on level 4 of the Dungeon.
You worshipped Yredelemnul.
Yredelemnul was pleased with you.
You were very full.

You visited 1 branch of the dungeon, and saw 4 of its levels.

You collected 153 gold pieces.

Inventory:

Hand weapons
 a - a +1 short sword (weapon)
Armour
 b - a +0 leather armour (worn)
 k - a +0 pair of gloves
Scrolls
 c - a scroll of fog {unknown}
 d - 2 scrolls of random uselessness {unknown}
 f - a scroll of recharging {unknown}
 j - a scroll of amnesia {unknown}
 l - a scroll of immolation {unknown}
 m - a scroll of remove curse {unknown}
 n - a scroll of identify {unknown}
Jewellery
 i - a cursed +3 ring of dexterity {unknown}
Potions
 o - a potion of invisibility {unknown}


   Skills:
 + Level 1.9 Fighting
 - Level 5.2 Short Blades
 + Level 1.0 Armour
 + Level 1.4 Dodging
 * Level 2.5 Invocations


You had 3 spell levels left.
You didn't know any spells.

Dungeon Overview and Level Annotations

Branches:
Dungeon (4/15)
 Temple: D:4-7

Altars:


Innate Abilities, Weirdness & Mutations

Your natural rate of healing is unusually fast.
You have razor-sharp teeth.
You have supernaturally acute eyesight.
You can survive without breathing.
You tend to lose your temper in combat.
Your body is slowly deteriorating.
You are resistant to hostile enchantments.


Message History

* * * LOW HITPOINT WARNING * * *
Drink which item? (? for menu, Esc to quit)
You feel extremely strange.
You feel resistant to hostile enchantments.
You feel yourself wasting away.
You feel a little pissed off.
It was a potion of mutation.
The orc wizard barely misses you. The orc wizard barely misses you.
The orc priest hits you with a flail.
* * * LOW HITPOINT WARNING * * *
Unknown command.
Drink which item? (? for menu, Esc to quit)
You feel agile all of a sudden.
It was a potion of agility.
The orc wizard closely misses you. The orc priest closely misses you.
Drink which item? (? for menu, Esc to quit)
You feel yourself speed up.
It was a potion of haste.
The orc wizard gestures at you while chanting.
You resist with almost no effort.
The orc wizard hits you with a runed dagger.
You die...
Yredelemnul claims you as an undead slave.

## ## .###
#.# ...# #.#
##.#.#
#o###.##.##.#
#o#..<....?#
#@o#.######
##.#.# #[#.#
#.#.# #.#.#
#.#.# #.#.#
#.#.# ...#


You could see an orc priest, an orc wizard and an orc.

Vanquished Creatures
  Terence (D:2)
  3 adders
  2 giant mites (D:3)
  2 worms
  4 giant geckos
  3 orcs (D:3)
  7 bats
  2 giant cockroaches
  3 goblins
  8 hobgoblins
  4 jackals (D:2)
  2 quokkas
  3 ball pythons
  4 giant newts
  2 kobolds (D:3)
  7 rats
57 creatures vanquished.

Notes
Turn   | Place    | Note
--------------------------------------------------------------
     0 | D:1      | PolkaDot, the Vampire Death Knight, began the quest for the Orb.
     0 | D:1      | Reached XP level 1. HP: 16/16 MP: 1/1
   123 | D:1      | Reached skill level 3 in Short Blades
   193 | D:1      | Reached XP level 2. HP: 17/22 MP: 2/2
   864 | D:2      | Reached XP level 3. HP: 17/27 MP: 4/4
   938 | D:2      | Reached skill level 4 in Short Blades
  1332 | D:2      | Noticed Terence
  1352 | D:2      | Killed Terence
  1464 | D:2      | Reached XP level 4. HP: 23/33 MP: 5/5
  1585 | D:3      | Reached skill level 5 in Short Blades
  1833 | D:3      | Acquired Yredelemnul's second power
  2383 | D:3      | Reached skill level 1 in Armour
  2554 | D:4      | Gained mutation: You are resistant to hostile enchantments. [potion of mutation]
  2554 | D:4      | Gained mutation: Your body is slowly deteriorating. [potion of mutation]
  2554 | D:4      | Gained mutation: You tend to lose your temper in combat. [potion of mutation]
  2554 | D:4      | HP: 1/33 [orc priest/flail (5)]
  2556 | D:4      | Slain by an orc wizard

Action                   |  1- 3 |  4- 6 || total
-------------------------+-------+-------++-------
Melee: Short sword       |   134 |    91 ||   225
  Use: Potion            |     4 |     3 ||     7
  Eat: Corpse            |    13 |     7 ||    20
